 Dungeon Crawl Stone Soup version 0.22-a0-284-g99d1f74 (webtiles) character file.

1441 galech the Cudgeler (level 8, -11/79 HPs)
             Began as a Troll Fighter on Mar 20, 2018.
             Mangled by a large slime creature (25 damage)
             ... on level 5 of the Dungeon.
             The game lasted 00:08:56 (4237 turns).

galech the Cudgeler (Troll Fighter)                 Turns: 4237, Time: 00:08:56

Health: -11/79     AC:  7    Str: 26    XL:     8   Next: 46%
Magic:  0/7        EV: 11    Int:  4    God:
Gold:   232        SH: 10    Dex: 15    Spells: 7/7 levels left

rFire    . . .     SeeInvis .   v - +1 flail (crush)
rCold    + . .     Gourm    +   c - +0 shield
rNeg     . . .     Faith    .   C - +2 robe of the Seven Orbs {+Inv MR++}
rPois    .         Spirit   +   (helmet restricted)
rElec    .         Reflect  .   e - scarf {Spirit}
rCorr    .         Harm     .   (gloves unavailable)
MR       ++...                  (boots unavailable)
Stlth    ++........             (no amulet)
HPRegen  0.63/turn              i - ring of protection from cold
MPRegen  0.10/turn              m - +5 ring of dexterity

@: no status effects
A: large, unfitting armour, claws 3, fast metabolism 3, gourmand, regeneration
1, shaggy fur 1, tough skin 2
a: Evoke Invisibility


You were on level 5 of the Dungeon.
You were very full.

You visited 1 branch of the dungeon, and saw 6 of its levels.

You collected 232 gold pieces.

Inventory:

Hand Weapons
 a - a +0 flail
 v - a +1 flail of crushing (weapon)
 D - a +0 giant spiked club
Armour
 c - a +0 shield (worn)
 e - a scarf of spirit shield (worn)
 C - the +2 robe of the Seven Orbs (worn) {+Inv MR++}
   (You found it on level 5 of the Dungeon)

   It affects your resistance to hostile enchantments.
   It lets you turn invisible.
Jewellery
 h - an uncursed ring of stealth
 i - a ring of protection from cold (left claw)
 m - a +5 ring of dexterity (right claw)
 w - a +5 ring of intelligence
Scrolls
 b - 2 scrolls of teleportation {unknown}
 k - 4 scrolls of identify {unknown}
 l - 4 scrolls of enchant weapon {unknown}
 o - a scroll of immolation {unknown}
 p - 3 scrolls of remove curse {unknown}
 r - a scroll of random uselessness {unknown}
 x - 3 scrolls of fear {unknown}
 y - 2 scrolls of magic mapping {unknown}
 z - a scroll of amnesia {unknown}
Potions
 d - 2 potions of might
 g - a potion of cancellation {unknown}
 j - 2 potions of agility {unknown}
 n - a potion of heal wounds {unknown}
 q - 2 potions of flight {unknown}
 s - a potion of brilliance {unknown}
 t - 2 potions of degeneration {unknown}
 u - 2 potions of curing {unknown}
 A - a potion of haste {unknown}
 B - a potion of invisibility {unknown}
Comestibles
 f - 15 rations


   Skills:
 + Level 4.3 Fighting
 + Level 6.1 Maces & Flails
 + Level 4.5 Dodging
 + Level 1.1 Stealth
 + Level 4.6 Shields


You had 7 spell levels left.
You didn't know any spells.

Dungeon Overview and Level Annotations

Branches:
Dungeon (6/15)
 Temple: D:4-7

Altars:
Dithmenos
Elyvilon
Makhleb


Innate Abilities, Weirdness & Mutations

You are too large for most types of armour.
You have claws for hands.
Your metabolism is lightning-fast.
You like to eat raw meat.
Your natural rate of healing is unusually fast.
You are covered in fur. (AC +1)
You have very tough skin. (AC +2)


Message History

You barely miss the large slime creature.
The large slime creature is lightly wounded.
The large slime creature hits you!!
You hit the large slime creature.
The large slime creature is lightly wounded.
The large slime creature hits you.
You barely miss the large slime creature.
The large slime creature is lightly wounded.
You block the large slime creature's attack.
You sock the large slime creature!
The large slime creature is moderately wounded.
The large slime creature hits you!!
* * * LOW HITPOINT WARNING * * *
You are too injured to fight recklessly!
You are too injured to fight recklessly!
You are too injured to fight recklessly!
You hit the large slime creature.
The large slime creature is moderately wounded.
The large slime creature hits you!!
You die...

########## #........#
###############.######.#
##...............# #.#
...##.##)##############.# ####
##.##.##)............##.# #..J
#...#..[).....#####.##[######.##
#.#..##.#####.#####.#.........#
#.#.###.# #..@JJJ...........#
#.......## #######....######.#
###.##...##########...#######.#
#.##.....................##.#
#.##..#########..#######.##.#
#.###.#...............[#.##.#
#.# #.#...#...........##..#.#
####.###.###.##)#)........#....#
......##..P#..###.######..#..#.#


You could see a large slime creature, a jelly and an ooze.

Vanquished Creatures
  Sigmund (D:5)
  Edmund (D:6)
  A sky beast (D:5)
  3 ogres
  2 big kobolds (D:5)
  3 scorpions
  2 jellies (D:5)
  A crimson imp (D:5)
  A centaur skeleton (D:4)
  A hound (D:4)
  An orc wizard (D:3)
  Jessica (D:2)
  3 worker ants
  A howler monkey skeleton (D:5)
  3 gnolls (D:4)
  4 adders
  2 shadow imps (D:5)
  2 oozes
  An adder zombie (D:5)
  3 worms
  3 dart slugs
  5 leopard geckos
  17 orcs
  5 giant cockroaches
  6 goblins
  7 hobgoblins
  5 jackals
  5 quokkas
  A ball python (D:3)
  11 bats
  7 frilled lizards
  A jackal skeleton (D:4)
  14 kobolds
  A leopard gecko skeleton (D:4)
  4 rats (D:1)
129 creatures vanquished.

Vanquished Creatures (others)
  A fungus (D:5)
  11 toadstools (D:5)
12 creatures vanquished.

Grand Total: 141 creatures vanquished

Notes
Turn   | Place    | Note
-------+----------+-------------------------------------------
     0 | D:1      | galech the Troll Fighter began the quest for the Orb.
     0 | D:1      | Reached XP level 1. HP: 22/22 MP: 0/0
   123 | D:1      | Reached XP level 2. HP: 28/29 MP: 1/1
   320 | D:1      | Reached skill level 2 in Maces & Flails
   704 | D:1      | Reached XP level 3. HP: 36/36 MP: 2/2
   963 | D:2      | Found a burning altar of Makhleb.
   992 | D:2      | Found a shadowy altar of Dithmenos.
  1104 | D:2      | Noticed Jessica
  1109 | D:2      | Killed Jessica
  1184 | D:2      | Reached XP level 4. HP: 44/44 MP: 3/3
  1703 | D:3      | Reached skill level 3 in Maces & Flails
  1703 | D:3      | Reached XP level 5. HP: 42/53 MP: 4/4
  2151 | D:4      | Reached XP level 6. HP: 17/61 MP: 3/5
  2435 | D:4      | Reached skill level 4 in Maces & Flails
  2643 | D:4      | Found a white marble altar of Elyvilon.
  3005 | D:5      | Entered Level 5 of the Dungeon
  3011 | D:5      | Reached XP level 7. HP: 57/67 MP: 4/6
  3035 | D:5      | Got a silken robe
  3046 | D:5      | Identified the +2 robe of the Seven Orbs {+Inv MR++} (You found it on level 5 of the Dungeon)
  3412 | D:5      | HP: 1/67 [ogre/giant club (28)]
  3553 | D:5      | Reached skill level 5 in Maces & Flails
  3759 | D:5      | Noticed Edmund
  3760 | D:5      | Noticed Sigmund
  3793 | D:6      | Killed Edmund
  3793 | D:6      | Reached XP level 8. HP: 31/78 MP: 3/7
  3987 | D:5      | Killed Sigmund
  3987 | D:5      | Reached skill level 1 in Stealth
  4105 | D:5      | Reached skill level 6 in Maces & Flails
  4159 | D:5      | Noticed a slime creature
  4159 | D:5      | Noticed a slime creature
  4159 | D:5      | Noticed a slime creature
  4237 | D:5      | Mangled by a large slime creature

Vault maps used:
D:1:      minmay_arrival_diagonal_passages
D:2:      bloody_makhleb, first_ration, nicolae_dithmenos_shadow_blocks,
          uniq_jessica
D:4:      kennysheep_little_box, glass_columns_c, kennysheep_generic_room_16
D:5:      cheibrodos_fertilizer, fountainhead, sigmund_edmund_badplayer,
          uniq_edmund, uniq_sigmund
D:6:      serial_bayou_pond_d, sigmund_army, uniq_eustachio,
          uniq_crazy_yiuf_cottage, uniq_grinder

Skill      XL: |  1  2  3  4  5  6  7  8 |
---------------+-------------------------+-----
Maces & Flails | 2 3 4 5 6 |  6.1
Shields        | 3 4 |  4.6
Dodging        | 3 4 |  4.5
Fighting       | 3 4 |  4.3
Stealth        | 1 |  1.1

Action                   |  1- 3 |  4- 6 |  7- 9 || total
-------------------------+-------+-------+-------++-------
Melee: Flail             |   143 |   214 |   219 ||   576
 Stab: Sleeping          |       |     4 |       ||     4
       Distracted        |       |       |     1 ||     1
  Eat: Chunk             |    17 |    15 |    14 ||    46
Armor: Robe              |    57 |    83 |    54 ||   194
Dodge: Dodged            |    44 |   107 |    82 ||   233
Block: Shield            |    92 |   140 |    98 ||   330

Table legend:
 A = Spawn XP
 B = Non-spawn XP
 C = Spawn XP percentage of total XP
 D = Spawn monster count
 E = Non-spawn monster count
 F = Spawn count percentage of total count
 G = Total turns spent on level
                    A         B        C        D         E        F      G
               +---------+---------+-------+---------+---------+-------+---------
         Total |       0 |    2059 |   0.0 |       0 |     129 |   0.0 |  4237
               +---------+---------+-------+---------+---------+-------+---------
           D:1 |       0 |      42 |   0.0 |       0 |      26 |   0.0 |   850
           D:2 |       0 |      80 |   0.0 |       0 |      20 |   0.0 |   579
           D:3 |       0 |     155 |   0.0 |       0 |      31 |   0.0 |   684
           D:4 |       0 |     454 |   0.0 |       0 |      17 |   0.0 |  1003
           D:5 |       0 |    1125 |   0.0 |       0 |      31 |   0.0 |   944
           D:6 |       0 |     203 |   0.0 |       0 |       4 |   0.0 |   177
               +---------+---------+-------+---------+---------+-------+---------
